 Dungeon Crawl Stone Soup version 0.31-a0-188-g5e087ee2ca (webtiles) character file.

Game seed: 1731231298704407393

20 lunkers the Cudgeller (level 3, -4/31 HPs)
             Began as a Meteoran Fighter on June 21, 2023.
             Slain by a gnoll
             ... wielding a +0 halberd
              (9 damage)
             ... on level 2 of the Dungeon on June 23, 2023.
             The game lasted 00:02:24 (673 turns).

lunkers the Cudgeller (Meteoran Fighter)             Turns: 673, Time: 00:02:24

Health: -4/31      AC:  6    Str: 19    XL:     3   Next: 14%
Magic:  4/4        EV: 10    Int:  9    God:
Gold:   43         SH:  5    Dex: 14    Spells: 2/2 levels left

rFire   . . .        b - +0 war axe (flame)
rCold   . . .        c - +0 buckler
rNeg    . . .        i - +1 ring mail {Will+}
rPois   .            (no helmet)
rElec   .            (no cloak)
rCorr   .            (no gloves)
SInv    .            (no boots)
Will    +....        (no amulet)
Stlth   +            (no ring)
HPRegen 0.25/turn    (no ring)
MPRegen 0.09/turn

%: no passive effects
@: mighty, glowing
A: sense surroundings 1, otherworldly, glowing, explore regen
a: no special abilities


You were on level 2 of the Dungeon.
You visited 1 branch of the dungeon, and saw 2 of its levels.

You collected 43 gold pieces.

Inventory:

Hand Weapons
 a - a +0 flail
 b - a +0 war axe of flaming (weapon)
Armour
 c - a +0 buckler (worn)
 i - a +1 ring mail of willpower (worn)
 j - a +0 scale mail
Scrolls
 e - a scroll of fear {unknown}
 f - a scroll of enchant armour {unknown}
 h - a scroll of blinking {unknown}
Potions
 g - a potion of heal wounds {unknown}


   Skills:
 - Level 3.3 Fighting
 + Level 1.0(2.4) Axes
 - Level 3.9(4.0) Maces & Flails
 - Level 3.6 Armour
 - Level 3.6 Shields


You had 2 spell levels left.
You didn't know any spells.
Your spell library was empty.

Dungeon Overview and Level Annotations

Branches:
Dungeon (2/15) Zot: 507

Altars:


Innate Abilities, Weirdness & Mutations

You passively map a small area around you.
You are easily found by Zot.
You glow in the dark.
You regain HP and MP as you explore.


Message History

You block the bat's attack. The bat hits you. The bat barely misses you.
You slash the bat! You burn the bat.
You kill the bat!
Your base Axes skill increases to level 1!
No target in view!
No target in view!
No target in view!
No target in view!
No target in view!
No target in view!
No target in view!
No target in view!
No target in view!
No target in view!
No target in view!
A goblin comes into view. It is wielding a +0 club.
The goblin shouts!
You hear a shout! x2 3 gnolls come into view.
The gnoll shouts! x2
The goblin completely misses you.
You barely miss the goblin.
The gnoll hits you from afar with a +0 halberd!
The goblin barely misses you.
The gnoll hits you from afar with a +0 halberd.
* * * LOW HITPOINT WARNING * * *
The goblin hits you but does no damage.
You closely miss the goblin.
The gnoll hits you from afar with a +0 halberd!
* * * LOW HITPOINT WARNING * * *
You block the goblin's attack.
You feel very mighty all of a sudden. The goblin hits you but does no damage.
You closely miss the goblin. The gnoll barely misses you.
The goblin hits you but does no damage. The goblin hits you with a +0 club.
* * * LOW HITPOINT WARNING * * *
You slash the goblin! You burn the goblin.
You kill the goblin!
The gnoll hits you from afar with a +0 halberd!
You die...

...... #.#.###
###### * *
#.#.### ##
,..#.....# <#,*
*#...###.#######
.#
*#..#...........#
.#, #..
#.###.#####.#
.#,* .. #.......#
##,* . ,#.#.##.##
,* * #@#....# ,
#)#.##### * , ,
#g#.....# ,
,*,#gg.....# , ,,
###.##### **
....gg.g......# ,
.##.###.####### ,
* ... * *,* ###


You could see 3 gnolls.

Vanquished Creatures
  2 endoplasms
  2 giant cockroaches (D:1)
  A goblin (D:2)
  3 hobgoblins
  7 bats
  2 frilled lizards
  A kobold (D:1)
  2 rats (D:1)
20 creatures vanquished.

Notes
Turn   | Place    | Note
-------+----------+-------------------------------------------
     0 | D:1      | lunkers the Meteoran Fighter began the quest for the Orb.
     0 | D:1      | Reached XP level 1. HP: 19/19 MP: 2/2
     0 | D:1      | Upgraded the game from 0.31-a0-182-gc5ef74bbde to
                  | 0.31-a0-188-g5e087ee2ca
   113 | D:1      | Reached XP level 2. HP: 26/26 MP: 3/3
   490 | D:1      | Glimpsed the power of Zot.
   577 | D:2      | Reached XP level 3. HP: 26/31 MP: 4/4
   646 | D:2      | Reached skill level 1 in Axes
   673 | D:2      | Slain by a gnoll

Illustrated notes

Levels and vault maps discovered:
D:1:      dpeg_arrival_oval, layout_basic, wander_ebering_terrifying_dragon_lair
D:2:      layout_basic

Skill      XL: |  1  2  3 |
---------------+----------+-----
Maces & Flails | 3 |  3.9
Axes           | 1 |  1.0
Fighting       | |  3.3
Armour         | |  3.6
Shields        | |  3.6

Action                     || total
---------------------------++-------
  Melee: Flail             ||    39
         War axe           ||    20
    Use: Potion            ||     1
 Armour: Scale mail        ||    16
         Ring mail         ||    11
  Dodge: Dodged            ||    30
  Block: Buckler           ||    19

Table legend: (Time is in decaauts)
 A = Elapsed time spent in this place.
 B = Non-inter-level travel time spent in this place.
 C = Inter-level travel time spent in this place.
 D = Time resting spent in this place.
 E = Time spent auto-exploring this place.
 F = Levels seen in this place.
 G = Mean time per level.
                   A        B        C        D        E       F      G
               +--------+--------+--------+--------+--------+-----+--------+
         Total |    691 |    655 |     36 |      0 |    479 |   2 |  345.5 |
       Dungeon |    691 |    655 |     36 |      0 |    479 |   2 |  345.5 |
               +--------+--------+--------+--------+--------+-----+--------+

Top non-repeatable levels by time:
     D:1: 537 daAuts
     D:2: 153 daAuts
